 Dungeon Crawl Stone Soup version 0.15.1-1-gfacfea3 (webtiles) character file.

11 Kashira the Charmwright (level 2, -2/13 HPs)
             Began as a Felid Skald on Sept 24, 2014.
             Slain by a kobold
             ... wielding a +0 dagger
              (3 damage)
             ... on Level 1 of the Dungeon.
             The game lasted 00:01:04 (212 turns).

Kashira the Charmwright (Felid Skald)                Turns: 212, Time: 00:01:04

HP  -2/13        AC  1     Str  8      XL: 2   Next: 17%
MP   0/5         EV 17     Int 13      God:
Gold 12          SH  0     Dex 15      Spells:  2 memorised,  2 levels left
Lives: 0, deaths: 0

rFire  . . .     SeeInvis +       - Unarmed
rCold  . . .     Clarity  .     (armour unavailable)
rNeg   . . .     rCorr    .     (shield unavailable)
rPois  .         rRot     .     (helmet unavailable)
rElec  .         Spirit   .     (cloak unavailable)
SustAb .         Warding  .     (gloves unavailable)
rMut   .         Stasis   .     (boots unavailable)
Gourm  .                        (no amulet)
MR     .....                    (no ring)
                                (no ring)

@: infused, very slightly contaminated, quick, not resistant to hostile
enchantments, unstealthy
A: paw claws, no armour, no weapons or thrown items, fangs 3, see invisible,
carnivore 3, speed 1, shaggy fur 1, slow metabolism 1, jump 1
a: Jump Attack


You were on level 1 of the Dungeon.
You were not hungry.

You visited 1 branch of the dungeon, and saw 1 of its levels.

You collected 12 gold pieces.

Inventory:

Comestibles
 d - a meat ration
Scrolls
 b - a scroll of fog {unknown}
 e - a scroll of blinking {unknown}
 f - a scroll of identify {unknown}
Potions
 a - a potion of brilliance {unknown}
Books
 c - a book of Battle

   Spells                             Type                      Level
   *Infusion                          Charms                       1
   *Shroud of Golubria                Charms/Translocation         2
   Song of Slaying                    Charms                       2
   Spectral Weapon                    Hexes/Charms                 3
   Regeneration                       Charms/Necromancy            3


   Skills:
 + Level 2.0 Fighting
 + Level 2.2 Dodging
 + Level 2.0 Unarmed Combat
 - Level 2.1 Spellcasting
 + Level 4.2 Charms


You had 2 spell levels left.
You knew the following spells:

 Your Spells              Type           Power        Failure   Level  Hunger
a - Infusion              Chrm           ##....       6%          1    ##.....
b - Shroud of Golubria    Chrm/Tloc      #.........   17%         2    ###....


Dungeon Overview and Level Annotations

Branches:
Dungeon (1/15)

Altars:


Innate Abilities, Weirdness & Mutations

You cannot wear armour.
You are incapable of wielding weapons or throwing items.
Your paws have sharp claws.
You have razor-sharp teeth.
You have supernaturally acute eyesight.
You are carnivorous and can eat meat at any time.
You cover ground quickly.
You are covered in fur (AC +1).
You have a slow metabolism.
You can jump attack at a short distance.


Message History

The kobold throws a stone.
The stone hits you. The kobold misses you.
Things that are here:
a club; a rat corpse You barely miss the kobold.
The kobold closely misses you.
You closely miss the kobold. The kobold hits you with a dagger.
* * * LOW HITPOINT WARNING * * *
You are too injured to fight recklessly!
You are too injured to fight recklessly!
You scratch the kobold but do no damage.
Your punch misses the kobold. The kobold misses you.
You barely miss the kobold. The kobold misses you.
You closely miss the kobold. Your bite misses the kobold.
The kobold hits you with a dagger.
* * * LOW HITPOINT WARNING * * *
You scratch the kobold.
The kobold begins to bleed from its wounds!
The kobold is severely wounded.
The kobold hits you with a dagger.
You die...

#. #.#..# #.##.#..#
#.####%..g...## ##
#.......#.....##...
#######.#...........
#.#.....##...
#.##...## ..
##.###K##
####..g(@.#
#.....#####
##.###.......
#.......####
#..###.## #..# #.#
#).# #.#
#####..###...
#..........#


You could see a goblin and a kobold (bleeding).

Vanquished Creatures
  A giant cockroach (D:1)
  2 goblins (D:1)
  4 jackals (D:1)
  A bat (D:1)
  2 rats (D:1)
10 creatures vanquished.

Notes
Turn   | Place    | Note
--------------------------------------------------------------
     0 | D:1      | Kashira, the Felid Skald, began the quest for the Orb.
     0 | D:1      | Reached XP level 1. HP: 9/9 MP: 4/4
    34 | D:1      | Reached skill level 4 in Charms
   163 | D:1      | Reached XP level 2. HP: 13/13 MP: 5/5
   175 | D:1      | Learned a level 2 spell: Shroud of Golubria
   212 | D:1      | Slain by a kobold

Action                   || total
-------------------------++-------
Melee: Unarmed           ||    31
 Cast: Infusion          ||     3
 Stab: Sleeping          ||     1
  Eat: Chunk             ||     1
